[Event "27th CRO-chT Women 2018"]
[Site "Biograd"]
[Date "2018.09.12"]
[Round "6.1"]
[White "Ivekovic, Ana"]
[Black "Rozman, Monika"]
[Result "1/2-1/2"]
[ECO "A07"]
[WhiteElo "2118"]
[BlackElo "2037"]
[Annotator "NA"]
[PlyCount "69"]
[EventDate "2018.09.08"]
[EventType "team-tourn"]
[EventCountry "CRO"]
[SourceTitle "playchess.com"]
[Source "ChessBase"]
[SourceQuality "1"]
[TimeControl "40/5400+30:1800+30"]

1. Nf3 Nf6 2. g3 d5 3. b3 Bf5 4. Bb2 Nbd7 5. Bg2 c6 6. O-O Qc7 7. Nh4 Be4 8. Bxe4 Nxe4 9. d3 Nef6 10. Nd2 e6 11. e4 Be7 12. Qe2 h5 13. c4 dxe4 14. dxe4 O-O-O 15. e5 Ng4 16. Nhf3 h4 17. h3 Nxf2 18. Kxf2 hxg3+ 19. Kg2 Rh5 20. Ne4 Rdh8 21. Nxg3 Rxh3 22. Rh1 Rxh1 23. Rxh1 Rxh1 24. Nxh1 Nf8 25. Bc3 f5 26. Qf2 Kb8 27. Qg3 Bd8 28. Nf2 Qf7 29. Ng5 Qh5 30. Nfh3 Qe2+ 31. Qf2 Qg4+ 32. Qg3 Qe2+ 33. Qf2 Qg4+ 34. Qg3 Qe2+ 35. Qf2 1/2-1/2

[Event "27th CRO-chT Women 2018"]
[Site "Biograd"]
[Date "2018.09.12"]
[Round "6.2"]
[White "Blazeka, Mihaela"]
[Black "Spiranec, Noemi"]
[Result "1-0"]
[ECO "A31"]
[WhiteElo "2048"]
[BlackElo "2035"]
[Annotator "NA"]
[PlyCount "59"]
[EventDate "2018.09.08"]
[EventType "team-tourn"]
[EventCountry "CRO"]
[SourceTitle "playchess.com"]
[Source "ChessBase"]
[SourceQuality "1"]
[TimeControl "40/5400+30:1800+30"]

1. e4 c5 2. Nf3 e6 3. c4 a6 4. Nc3 Qc7 5. d4 cxd4 6. Nxd4 Nf6 7. f3 Be7 8. Be2 d6 9. Be3 Nbd7 10. O-O b6 11. a4 Bb7 12. a5 O-O 13. Nb3 Rad8 14. Qe1 d5 15. cxd5 exd5 16. axb6 Nxb6 17. Rc1 Qd6 18. e5 Qe6 19. f4 Ne4 20. f5 Qxe5 21. Bxb6 Bd6 22. g3 Rde8 23. Bd4 Qe7 24. Bf3 Qg5 25. Nxe4 dxe4 26. Bg2 Bd5 27. Nc5 Qe7 28. b4 Rc8 29. f6 Qa7 30. Ne6 1-0

[Event "27th CRO-chT Women 2018"]
[Site "Biograd"]
[Date "2018.09.12"]
[Round "6.3"]
[White "Kuhar, Larisa"]
[Black "Ljikar, Tamara"]
[Result "1-0"]
[ECO "B43"]
[WhiteElo "1912"]
[BlackElo "1920"]
[Annotator "NA"]
[PlyCount "35"]
[EventDate "2018.09.08"]
[EventType "team-tourn"]
[EventCountry "CRO"]
[SourceTitle "playchess.com"]
[Source "ChessBase"]
[SourceQuality "1"]
[TimeControl "40/5400+30:1800+30"]

1. e4 c5 2. Nf3 e6 3. d4 cxd4 4. Nxd4 a6 5. Be2 Qc7 6. O-O Nf6 7. Nc3 b5 8. Bf3 Bb7 9. e5 b4 10. exf6 bxc3 11. fxg7 Bxg7 12. bxc3 O-O 13. Bxb7 Qxb7 14. Re1 Kh8 15. Re3 Rg8 16. Rg3 Nc6 17. Rh3 Bf6 18. Rxh7+ 1-0

[Event "27th CRO-chT Women 2018"]
[Site "Biograd"]
[Date "2018.09.12"]
[Round "6.4"]
[White "Blazeka, Ivana"]
[Black "Dejanovic, Tereza"]
[Result "0-1"]
[ECO "B49"]
[WhiteElo "1610"]
[BlackElo "1815"]
[Annotator "NA"]
[PlyCount "56"]
[EventDate "2018.09.08"]
[EventType "team-tourn"]
[EventCountry "CRO"]
[SourceTitle "playchess.com"]
[Source "ChessBase"]
[SourceQuality "1"]
[TimeControl "40/5400+30:1800+30"]

1. e4 c5 2. Nf3 d6 3. d4 cxd4 4. Nxd4 Nf6 5. Nc3 a6 6. Be2 e6 7. Be3 Be7 8. O-O O-O 9. Nb3 Nc6 10. f4 b5 11. a3 Bb7 12. Qe1 Qc7 13. Qf2 Rac8 14. Bb6 Qb8 15. Bf3 Nd7 16. Be3 Bf6 17. Nd4 Na5 18. Nde2 Nc4 19. Bc1 Nc5 20. b4 Nxe4 21. Bxe4 Bxe4 22. Ra2 Ba8 23. f5 Qb7 24. fxe6 fxe6 25. Qg3 Bxc3 26. Nxc3 Rxf1+ 27. Kxf1 Rf8+ 28. Kg1 Qb6+ 0-1

[Event "27th CRO-chT Women 2018"]
[Site "Biograd"]
[Date "2018.09.12"]
[Round "6.5"]
[White "Repkova, Eva"]
[Black "Krivec, Jana"]
[Result "1/2-1/2"]
[ECO "C55"]
[WhiteElo "2288"]
[BlackElo "2185"]
[Annotator "NA"]
[PlyCount "41"]
[EventDate "2018.09.08"]
[EventType "team-tourn"]
[EventCountry "CRO"]
[SourceTitle "playchess.com"]
[Source "ChessBase"]
[SourceQuality "1"]
[TimeControl "40/5400+30:1800+30"]

1. e4 e5 2. Bc4 Nf6 3. d3 Be7 4. Nf3 Nc6 5. O-O O-O 6. Bb3 d6 7. c3 h6 8. Nbd2 Nh7 9. d4 Ng5 10. dxe5 dxe5 11. Nxg5 Bxg5 12. Nc4 Bxc1 13. Rxc1 Qg5 14. Qf3 Be6 15. Qg3 Rfd8 16. Qxg5 hxg5 17. Rfd1 Kf8 18. Kf1 Ke8 19. Ke2 Rxd1 20. Rxd1 Rd8 21. Rxd8+ 1/2-1/2

[Event "27th CRO-chT Women 2018"]
[Site "Biograd"]
[Date "2018.09.12"]
[Round "6.7"]
[White "Roklicer, Heike"]
[Black "Starcevic, Andrea"]
[Result "1-0"]
[ECO "D45"]
[WhiteElo "2042"]
[BlackElo "1893"]
[Annotator "NA"]
[PlyCount "121"]
[EventDate "2018.09.08"]
[EventType "team-tourn"]
[EventCountry "CRO"]
[SourceTitle "playchess.com"]
[Source "ChessBase"]
[SourceQuality "1"]
[TimeControl "40/5400+30:1800+30"]

1. d4 d5 2. c4 e6 3. Nc3 Nf6 4. Nf3 Be7 5. Qc2 c6 6. e3 Nbd7 7. Bd3 dxc4 8. Bxc4 b5 9. Bd3 Bb7 10. e4 {[%emt 0:17:30] D45: Semi-Slav: 5 e3} (10. a3 a5 11. O-O Rc8 12. Rd1 O-O 13. Qe2 b4 14. Na4 c5 15. dxc5 Qc7 16. axb4 axb4 17. Bd2 Nxc5 18. Bxb4 Nxd3 19. Bxe7 Qxe7 20. Qxd3 Bxf3 21. gxf3 {½-½ (30) Yilmaz,M (2603)-Vallejo Pons,F (2700) Gjakova 2016}) 10... h6 11. e5 Nd5 12. Nxd5 cxd5 13. O-O a6 14. Qe2 Nb6 15. b3 Rc8 $146 16. Bd2 Ba3 17. Ba5 Rc6 18. Rab1 Qe7 19. Qd2 b4 20. Ne1 O-O 21. Nc2 Rfc8 22. Nxb4 Bxb4 23. Bxb4 Qh4 24. Qe3 Nd7 25. f4 Nf8 26. Bc5 Nd7 27. b4 R6c7 28. Rbc1 Ra8 29. Bd6 Rc6 30. Rxc6 Bxc6 31. Rc1 Bb5 32. g3 Qg4 33. Bc5 Qh5 34. a3 Qg4 35. Kg2 Bxd3 36. Qxd3 h5 37. a4 h4 38. h3 Qxg3+ 39. Qxg3 hxg3 40. Kxg3 Rb8 41. Bd6 Ra8 42. Rc6 Kh7 43. Rc7 Nb6 44. a5 Nc4 45. Rxf7 Ne3 46. Bc5 Kg6 47. Rc7 Nf5+ 48. Kf2 Rh8 49. Rc6 Rxh3 50. Rxe6+ Kh5 51. Rxa6 $2 ({White has to play} 51. Ke2 $18) 51... Kg4 $2 (51... Rh2+ $14 52. Kf3 Rc2) 52. Rg6+ Kxf4 53. Ke2 Re3+ 54. Kd2 Ke4 55. Kc2 Rd3 56. Rg4+ Ke3 57. e6 Rd2+ 58. Kb3 Kf3 $18 59. Rg5 Nxd4+ 60. Bxd4 Rxd4 61. Re5 1-0

[Event "27th CRO-chT Women 2018"]
[Site "Biograd"]
[Date "2018.09.12"]
[Round "6.8"]
[White "Tomulic, Vesna"]
[Black "Smetisko, Marija"]
[Result "1/2-1/2"]
[ECO "C54"]
[WhiteElo "1837"]
[BlackElo "1900"]
[Annotator "NA"]
[PlyCount "97"]
[EventDate "2018.09.08"]
[EventType "team-tourn"]
[EventCountry "CRO"]
[SourceTitle "playchess.com"]
[Source "ChessBase"]
[SourceQuality "1"]
[TimeControl "40/5400+30:1800+30"]

1. e4 e5 2. Nf3 Nc6 3. Bc4 Bc5 4. c3 Nf6 5. d4 exd4 6. cxd4 Bb4+ 7. Bd2 Bxd2+ 8. Nbxd2 d5 9. exd5 Nxd5 10. Qb3 Nce7 11. O-O O-O 12. Rfe1 c6 13. Ne4 Qb6 14. Qxb6 axb6 15. Nd6 Ra7 16. Nxc8 Rxc8 17. Re2 Kf8 18. Rae1 f6 19. Re4 Rd8 20. Rh4 h6 21. Rhe4 Rd7 22. Nh4 Ra8 23. f4 b5 24. Bb3 f5 25. Re5 Nxf4 26. Nxf5 Nfd5 27. Nxe7 Rxe7 28. Bxd5 Rxe5 29. Rxe5 cxd5 30. Rxd5 Ra5 31. Kf2 Ke7 32. Ke3 b6 33. Kd3 Ke6 34. Re5+ Kd6 35. a3 Kc6 36. Re7 b4 37. axb4 Rg5 38. Re6+ Kd7 39. Rxb6 Rxg2 40. Kc3 Kc7 41. Re6 h5 42. b5 h4 43. Re4 h3 44. Rh4 Rxh2 45. Rh7 Kb6 46. Rxg7 Kxb5 47. Rh7 Rh1 48. Rh5+ Kc6 49. Kc2 1/2-1/2

[Event "27th CRO-chT Women 2018"]
[Site "Biograd"]
[Date "2018.09.12"]
[Round "6.9"]
[White "Videkovic, Marina"]
[Black "Videnova, Iva"]
[Result "0-1"]
[ECO "A49"]
[WhiteElo "1833"]
[BlackElo "2336"]
[Annotator "NA"]
[PlyCount "90"]
[EventDate "2018.09.08"]
[EventType "team-tourn"]
[EventCountry "CRO"]
[SourceTitle "playchess.com"]
[Source "ChessBase"]
[SourceQuality "1"]
[TimeControl "40/5400+30:1800+30"]

1. d4 Nf6 2. Nf3 g6 3. g3 Bg7 4. Bg2 c5 5. c3 Na6 6. O-O O-O 7. Re1 d5 8. Na3 Bf5 9. Nh4 Be6 10. Nc2 Rc8 11. Nf3 Bf5 12. e3 c4 13. Ne5 h5 14. h3 Nd7 15. Nxd7 Qxd7 16. Kh2 Rfd8 17. a4 Nb8 18. Nb4 Be6 19. e4 dxe4 20. Rxe4 a5 21. Nc2 Nc6 22. Bf4 Bd5 23. Re1 Bxg2 24. Kxg2 Bf6 25. Qe2 e6 26. Qf3 Ne7 27. Be5 Bg7 28. Bxg7 Kxg7 29. Qe4 Qd5 30. f3 Rc6 31. Na3 Nf5 32. Re2 h4 33. Qxd5 Rxd5 34. g4 Ne7 35. Rc1 g5 36. Rce1 Ng6 37. Kh2 Kf6 38. Nb5 Nf4 39. Re4 Rb6 40. R1e3 Rbxb5 41. axb5 Rxb5 42. Rxf4+ gxf4 43. Re2 Rb3 44. Kg1 b5 45. Kf2 b4 0-1

[Event "27th CRO-chT Women 2018"]
[Site "Biograd"]
[Date "2018.09.12"]
[Round "6.10"]
[White "Ivekovic, Tihana"]
[Black "Grgic, Neomi"]
[Result "1-0"]
[ECO "E06"]
[WhiteElo "2114"]
[BlackElo "1851"]
[Annotator "NA"]
[PlyCount "69"]
[EventDate "2018.09.08"]
[EventType "team-tourn"]
[EventCountry "CRO"]
[SourceTitle "playchess.com"]
[Source "ChessBase"]
[SourceQuality "1"]
[TimeControl "40/5400+30:1800+30"]

1. d4 Nf6 2. c4 e6 3. g3 Be7 4. Bg2 d5 5. Nf3 O-O 6. O-O c6 7. Nbd2 b6 8. Qc2 Bb7 9. Rd1 Na6 10. e4 Nb4 11. Qb1 dxc4 12. e5 Nfd5 13. Nxc4 Ba6 14. Bf1 c5 15. a3 Nc6 16. Qe4 Nxd4 17. Nxd4 cxd4 18. Qxd4 Qc7 19. Bd3 Bxc4 20. Bxc4 Rad8 21. Bd2 Bc5 22. Qe4 Ne7 23. Bc3 Rxd1+ 24. Rxd1 Rd8 25. Rxd8+ Qxd8 26. b4 Nd5 27. bxc5 Nxc3 28. Qf3 Na4 29. c6 Nc5 30. c7 Qc8 31. Qc6 Kf8 32. Qd6+ Ke8 33. Bb5+ Nd7 34. Qxd7+ Qxd7 35. c8=Q+ 1-0

[Event "27th CRO-chT Women 2018"]
[Site "Biograd"]
[Date "2018.09.12"]
[Round "6.11"]
[White "Raguz, Ivanka"]
[Black "Cvitan, Ena"]
[Result "0-1"]
[ECO "D02"]
[WhiteElo "1706"]
[BlackElo "2009"]
[Annotator "NA"]
[PlyCount "70"]
[EventDate "2018.09.08"]
[EventType "team-tourn"]
[EventCountry "CRO"]
[SourceTitle "playchess.com"]
[Source "ChessBase"]
[SourceQuality "1"]
[TimeControl "40/5400+30:1800+30"]

1. d4 Nf6 2. Nf3 d5 3. g3 c5 4. e3 cxd4 5. exd4 Nc6 6. Bg2 Bf5 7. c3 e6 8. O-O Bd6 9. Re1 O-O 10. Nbd2 Qc7 11. Nf1 h6 12. Nh4 Bh7 13. f4 b5 14. Ne3 Ne7 15. Rf1 Rab8 16. f5 b4 17. Bd2 bxc3 18. Bxc3 Kh8 19. Rc1 Qb6 20. g4 e5 21. Kh1 e4 22. Rf2 Rbc8 23. Bh3 Qb8 24. Qf1 Rc6 25. a4 Rfc8 26. g5 hxg5 27. Ng6+ fxg6 28. fxg6 Bf4 29. Bxc8 Qxc8 30. Bd2 Nxg6 31. Rxc6 Qxc6 32. Qh3 Nh4 33. Rf1 Qxa4 34. Qc8+ Bg8 35. Qh3 Qd7 0-1

[Event "27th CRO-chT Women 2018"]
[Site "Biograd"]
[Date "2018.09.12"]
[Round "6.12"]
[White "Vujnovic, Patricija"]
[Black "Ivekovic, Zvjezdana"]
[Result "1-0"]
[ECO "D02"]
[WhiteElo "2056"]
[BlackElo "1703"]
[Annotator "NA"]
[PlyCount "77"]
[EventDate "2018.09.08"]
[EventType "team-tourn"]
[EventCountry "CRO"]
[SourceTitle "playchess.com"]
[Source "ChessBase"]
[SourceQuality "1"]
[TimeControl "40/5400+30:1800+30"]

1. d4 d5 2. Bf4 Nf6 3. e3 Bf5 4. c4 c6 5. Nc3 e6 6. Qb3 Qb6 7. c5 Qxb3 8. axb3 Nbd7 9. Nf3 Be7 10. h3 Ne4 11. b4 f6 12. Be2 g5 13. Bh2 h5 14. b5 Kf7 15. bxc6 bxc6 16. Ba6 g4 17. Nh4 Nexc5 18. dxc5 Nxc5 19. Nxf5 exf5 20. h4 Rhd8 21. Ne2 Kg6 22. Nd4 Nxa6 23. Rxa6 Bb4+ 24. Ke2 c5 25. Nc6 Re8 26. Rd1 d4 27. Nxb4 cxb4 28. Rxd4 Rac8 29. Rxa7 Rc2+ 30. Rd2 Rc4 31. b3 Rc3 32. Rb2 Rec8 33. Rd7 R8c6 34. Rd6 R6c5 35. Bf4 Rc1 36. Rd1 R1c3 37. Bd6 Rb5 38. Rd4 Rc6 39. Rxb4 1-0